 Dungeon Crawl Stone Soup version 0.21-a0-171-g0f4a3b6 (webtiles) character file.

105 seren the Insei (level 4, -1/28 HPs)
             Began as an Octopode Transmuter on Aug 7, 2017.
             Slain by a centaur (3 damage)
             ... on level 3 of the Dungeon.
             The game lasted 00:08:09 (3219 turns).

seren the Insei (Octopode Transmuter)               Turns: 3219, Time: 00:08:10

Health: -1/28      AC:  1    Str:  9    XL:     4   Next: 83%
Magic:  6/7        EV: 13    Int: 16    God:
Gold:   153        SH:  4    Dex: 12    Spells: 1/7 levels left

rFire    . . .     SeeInvis .     - Unarmed
rCold    . . .     Gourm    .   o - +0 buckler
rNeg     . . .     Faith    .   (helmet restricted)
rPois    .         Spirit   .   (no amulet)
rElec    .         Reflect  .   (no ring)
rCorr    .         Harm     .   (no ring)
MR       .....                  (no ring)
Stlth    ++........             (no ring)
HPRegen  0.09/turn              (no ring)
MPRegen  0.10/turn              (no ring)
                                (no ring)
                                (no ring)

@: appendage
A: almost no armour, stealthy swim, amphibious, 8 rings, constrict 8, tentacle
spike 3, camouflage 1, gelatinous body 1
a: End Transformation


You were on level 3 of the Dungeon.
You were not hungry.
One of your tentacles had a temporary spike.
You visited 1 branch of the dungeon, and saw 3 of its levels.

You collected 153 gold pieces.

Inventory:

Hand Weapons
 b - a +0 hunting sling
Missiles
 a - 65 arrows
 d - 36 sling bullets
 k - 7 poisoned needles
 n - 36 stones (quivered)
Armour
 o - a +0 buckler (worn)
Scrolls
 j - a scroll of recharging {unknown}
 l - 3 scrolls of remove curse
 m - a scroll of immolation {unknown}
 q - a scroll of enchant weapon {unknown}
Potions
 e - a potion of brilliance
 f - a potion of curing
 i - 2 potions of lignification
Books
 r - a book of Changes

   Spells                             Type                      Level
   a - Beastly Appendage              Transmutation                1
   b - Sticks to Snakes               Transmutation                2
   c - Spider Form                    Transmutation/Poison         3
   d - Ice Form                       Ice/Transmutation            4
   e - Blade Hands                    Transmutation                5
Comestibles
 c - a bread ration
 g - 3 meat rations


   Skills:
 - Level 1.0 Fighting
 - Level 2.0 Dodging
 + Level 2.1 Shields
 - Level 3.8 Unarmed Combat
 - Level 2.0 Spellcasting
 - Level 3.4 Transmutations


You had one spell level left.
You knew the following spells:

 Your Spells              Type           Power        Failure   Level  Hunger
a - Beastly Appendage     Tmut           ##....       6%          1    #......
b - Sticks to Snakes      Tmut           ##......     10%         2    ###....
c - Spider Form           Tmut/Pois      #.........   36%         3    ###....


Dungeon Overview and Level Annotations

Branches:
Dungeon (3/15)

Altars:
Elyvilon
Hepliaklqana
Qazlal

Annotations:
D:2 Sigmund


Innate Abilities, Weirdness & Mutations

You cannot wear most types of armour.
You are very stealthy in the water. (Stealth+)
You are amphibious.
You can wear up to eight rings at the same time.
You can use your tentacles to constrict eight enemies at once.
Your skin changes colour to match your surroundings (Stealth+).
Your rubbery body absorbs attacks. (AC +1, EV +1)
One of your tentacles bears a large vicious spike.


Message History

* * * LOW HITPOINT WARNING * * *
The centaur barely misses you. The orc barely misses you.
You tentacle-slap the centaur but do no damage.
Your squeeze misses the centaur.
The centaur is moderately wounded.
You block the centaur's attack. The orc hits you but does no damage.
You barely miss the centaur.
You pierce the centaur.
The centaur is heavily wounded.
The centaur hits you.
* * * LOW HITPOINT WARNING * * *
You tentacle-slap the centaur.
The centaur is heavily wounded.
The centaur misses you. The orc misses you. The centaur hits you!
* * * LOW HITPOINT WARNING * * *
You tentacle-slap the centaur but do no damage.
You pierce the centaur, but do no damage.
You squeeze the centaur, but do no damage.
The centaur is heavily wounded.
The orc barely misses you. The centaur hits you.
You die...

..#.......#######
......)(........
....####.######
#.###=.# #.# . .....#
#.# ...###..####.## #.
..............#....
########..#.co........
..........#.#@#.#.##.#
#.#####...#..#.#.#.#.#
#...........<#.#.#.# #
#####........#.#.#.#
######....####.#.#.#
..........# #.#.#.#
#######...# #.#
#...^.....####.#.#
#.###..........#


You could see a centaur and an orc.

Vanquished Creatures
  3 adders
  3 oozes
  2 worms (D:3)
  2 dart slugs (D:1)
  A leopard gecko (D:1)
  3 orcs
  4 bats (D:1)
  6 hobgoblins
  4 jackals (D:1)
  A ball python (D:1)
  2 frilled lizards (D:2)
  8 goblins
  6 kobolds
  6 rats
51 creatures vanquished.

Notes
Turn   | Place    | Note
-------+----------+-------------------------------------------
     0 | D:1      | seren the Octopode Transmuter began the quest for the Orb.
     0 | D:1      | Reached XP level 1. HP: 13/13 MP: 3/3
   556 | D:1      | Reached XP level 2. HP: 12/18 MP: 5/5
   813 | D:1      | Reached XP level 3. HP: 20/23 MP: 6/6
   871 | D:1      | Learned a level 2 spell: Sticks to Snakes
   875 | D:1      | Learned a level 3 spell: Spider Form
  1081 | D:1      | You fall through a shaft!
  1081 | D:2      | Found a white marble altar of Elyvilon.
  1303 | D:2      | Noticed Sigmund
  1501 | D:1      | Reached XP level 4. HP: 28/28 MP: 7/7
  2162 | D:2      | Reached skill level 1 in Shields
  2169 | D:2      | Found a hazy altar of Hepliaklqana.
  2436 | D:3      | Found a stormy altar of Qazlal.
  2437 | D:3      | Noticed an air elemental
  2784 | D:3      | Noticed an earth elemental
  2895 | D:3      | Noticed a centaur
  2910 | D:2      | HP: 1/28 [orc/club (4)]
  3219 | D:3      | Slain by a centaur

Vault maps used:
D:1:      lordsloth_arrival_two_stooges, st_stairs_2
D:2:      elyvilon_altar_1, marbit_many_paths, uniq_sigmund
D:3:      nicolae_qazlal_style_of_elements,
          chequers_ecumenical_altar_simple_redux

Skill      XL: |  1  2  3  4 |
---------------+-------------+-----
Transmutations | 3 |  3.4
Shields        | 2 |  2.1
Fighting       | |  1.0
Dodging        | |  2.0
Unarmed Combat | |  3.8
Spellcasting   | |  2.0

Action                   |  1- 3 |  4- 6 || total
-------------------------+-------+-------++-------
Melee: Unarmed           |    90 |    50 ||   140
       Constrict         |    22 |    15 ||    37
       Tentacles         |    13 |    10 ||    23
       Kick              |     2 |     8 ||    10
       Punch             |     2 |     1 ||     3
 Cast: Beastly Appendage |     1 |     5 ||     6
  Use: Scroll            |       |     4 ||     4
 Stab: Distracted        |     1 |       ||     1
       Sleeping          |     4 |       ||     4
  Eat: Chunk             |     2 |     5 ||     7
Armor: Skin              |     7 |     1 ||     8
Dodge: Dodged            |    69 |    24 ||    93
Block: Buckler           |       |    12 ||    12
